 Dungeon Crawl Stone Soup version 0.29.1-15-g9cfb28693d (webtiles) character file.

Game seed: 6921191796837040295

35503 Anriel the Basher (level 14, -9/98 HPs)
             Began as a Human Fighter on Mar 1, 2023.
             Was the Champion of Okawaru.
             Mangled by an orc warlord
             ... wielding a +0 war axe
              (38 damage)
             ... on level 13 of the Dungeon.
             The game lasted 01:35:36 (13772 turns).

Anriel the Basher (Human Fighter)                  Turns: 13772, Time: 01:35:37

Health: -9/98      AC: 33    Str: 24    XL:     14   Next: 18%
Magic:  0/20       EV: 13    Int:  8    God:    Okawaru [******]
Gold:   1281       SH:  9    Dex: 15    Spells: 13/13 levels left

rFire   + . .      SeeInvis .   j - +6 morningstar (freeze)
rCold   + . .      Faith    .   c - +1 buckler
rNeg    + + +      Spirit   +   P - +13 chain mail of Ulaer {rC+}
rPois   +          Reflect  .   o - +2 helmet
rElec   +          Harm     .   N - scarf {repulsion}
rCorr   .          Rampage  .   S - +0 pair of gloves "Qaeful" {Regen+ Str+2}
Will    +....                   U - +0 pair of boots
Stlth   ..........              f - amulet of Egomania {Spirit Dex+2}
HPRegen 1.06/turn               A - ring of Pride {Drain rElec rPois rF+ rN++}
MPRegen 0.17/turn               D - ring of positive energy

@: heroic, finesse-ful, repel missiles
A: no striking features
a: Renounce Religion, Heroism, Finesse, Duel


You were on level 13 of the Dungeon.
You worshipped Okawaru.
Okawaru was exalted by your worship.
You visited 2 branches of the dungeon, and saw 14 of its levels.
You also visited: Bailey.

You collected 1281 gold pieces.

Inventory:

Hand Weapons
 g - a +2 dire flail of holy wrath
 j - a +6 morningstar of freezing (weapon)
 k - the +7 dagger of the Distant Future {vorpal, Fly Str+6 Stlth+}
   (You found it on level 2 of the Dungeon)

   It inflicts extra damage upon your enemies.
   Str:       It affects your strength (+6).
   Fly:       It grants you flight.
   Stlth:     It makes you more stealthy.
 m - a +4 quarterstaff of draining
 y - the +11 great mace of Wisdom {freeze, *Corrode Int+8}
   (Okawaru gifted it to you on level 13 of the Dungeon)

   It freezes those it strikes, dealing additional cold damage.
   It can also slow down cold-blooded creatures.
   Int:       It affects your intelligence (+8).
   *Corrode:  It may corrode you when you take damage.
 z - the +6 mace "Joos" {freeze, Will+ MP+9 Dex+2 Stlth+}
   (You found it on level 13 of the Dungeon)

   It freezes those it strikes, dealing additional cold damage.
   It can also slow down cold-blooded creatures.
   Dex:       It affects your dexterity (+2).
   MP:        It affects your magic capacity (+9).
   Will:      It increases your willpower.
   Stlth:     It makes you more stealthy.
 G - the +9 bardiche of Guile {freeze, Int+4}
   (You took it off a gnoll sergeant on level 7 of the Dungeon)

   It freezes those it strikes, dealing additional cold damage.
   It can also slow down cold-blooded creatures.
   Int:       It affects your intelligence (+4).
Missiles
 a - 4 atropa-tipped darts
 r - 8 boomerangs
 u - 4 datura-tipped darts
 K - 5 boomerangs of dispersal
 L - 2 curare-tipped darts
 O - 3 javelins (quivered)
Armour
 c - a +1 buckler (worn)
 d - a +0 pair of gloves of dexterity
 o - a +2 helmet (worn)
 q - a +1 pair of gloves
 F - a +0 cloak
 H - the +0 leather armour of Onaubazo {-Cast Will+ Dex+3}
   (You found it on level 7 of the Dungeon)

   Dex:       It affects your dexterity (+3).
   -Cast:     It prevents spellcasting.
   Will:      It increases your willpower.
 J - +0 acid dragon scales
 M - a +0 troll leather armour
 N - a scarf of repulsion (worn)
 P - the +13 chain mail of Ulaer (worn) {rC+}
   (You took it off an orc warrior in a bailey)

   rC:        It protects you from cold.
 R - +0 steam dragon scales
 S - the +0 pair of gloves "Qaeful" (worn) {Regen+ Str+2}
   (Okawaru gifted it to you on level 11 of the Dungeon)

   Str:       It affects your strength (+2).
   Regen:     It increases your rate of health regeneration.
 U - a +0 pair of boots (worn)
Jewellery
 f - the amulet of Egomania (around neck) {Spirit Dex+2}
   (You acquired it in a bailey)

   [amulet of guardian spirit]

   It causes incoming damage to be divided between your reserves of health and
   magic.
   Dex:       It affects your dexterity (+2).
 h - a ring of wizardry
 A - the ring of Pride (left hand) {Drain rElec rPois rF+ rN++}
   (You acquired it on level 6 of the Dungeon)

   [ring of protection from fire]

   rF:        It protects you from fire.
   rElec:     It insulates you from electricity.
   rPois:     It protects you from poison.
   rN:        It greatly protects you from negative energy.
   Drain:     It drains your maximum health when unequipped.
 B - a ring of poison resistance
 D - a ring of positive energy (right hand)
 Q - an amulet of magic regeneration
Wands
 b - a wand of flame (44)
 x - a wand of light (1)
 V - a wand of polymorph (6)
Scrolls
 l - 3 scrolls of fog
 n - 2 scrolls of amnesia
 p - 5 scrolls of teleportation
 w - 2 scrolls of silence
 T - a scroll of magic mapping
Potions
 e - 3 potions of curing
 i - 4 potions of brilliance
 s - 2 potions of flight
 t - 3 potions of attraction
 v - 2 potions of magic
 C - a potion of haste
 E - 2 potions of resistance
 X - 2 potions of might
 Z - a potion of ambrosia
Miscellaneous
 I - a condenser vane
 W - a tin of tremorstones (2/2)
 Y - a phantom mirror


   Skills:
 - Level 5.5(10.5) Fighting
 + Level 13.0(18.0) Maces & Flails
 + Level 8.7(13.7) Throwing
 - Level 11.0(16.0) Armour
 - Level 5.3(10.3) Dodging
 + Level 9.2(14.2) Shields
 - Level 8.0 Invocations
 - Level 5.2 Evocations


You had 13 spell levels left.
You didn't know any spells.
Your spell library contained the following spells:

 Spells                   Type           Power      Damage    Failure   Level
 Blink                    Tloc           0%         N/A       97%         2
 Ensorcelled Hibernation  Hex/Ice        0%         N/A       97%         2
 Poisonous Vapours        Pois/Air       0%         N/A       97%         2
 Static Discharge         Conj/Air       0%         3-3/arc   97%         2
 Sublimation of Blood     Necr           0%         N/A       97%         2
 Confusing Touch          Hex            0%         N/A       99%         3
 Gell's Gravitas          Tloc           0%         N/A       99%         3
 Inner Flame              Hex/Fire       0%         N/A       99%         3
 Lesser Beckoning         Tloc           0%         N/A       99%         3
 Portal Projectile        Hex/Tloc       0%         N/A       99%         3
 Spider Form              Tmut/Pois      0%         N/A       99%         3
 Teleport Other           Tloc           0%         N/A       99%         3
 Anguish                  Hex/Necr       0%         N/A       100%        4
 Corpse Rot               Necr/Pois/Air  0%         N/A       100%        4
 Dispel Undead            Necr           0%         3d6       100%        4
 Fulminant Prism          Conj/Hex       0%         3d6       100%        4
 Petrify                  Tmut/Erth      0%         N/A       100%        4
 Sticky Flame             Conj/Fire      0%         2d3       100%        4
 Blade Hands              Tmut           0%         N/A       100%        5
 Borgnjor's Vile Clutch   Necr/Erth      0%         N/A       100%        5
 Freezing Cloud           Conj/Ice/Air   0%         6-21      100%        5
 Irradiate                Conj/Tmut      0%         3d11      100%        5
 Yara's Violent Unravell  Hex/Tmut       0%         3d3       100%        5
 Conjure Ball Lightning   Conj/Air       0%         3x3d6     100%        6
 Enfeeble                 Hex            0%         N/A       100%        7
 Discord                  Hex            0%         N/A       100%        8
 Necromutation            Tmut/Necr      0%         N/A       100%        8
 Polar Vortex             Ice            0%         N/A       100%        9
 Tukima's Dance           Hex            Unusable   N/A       N/A         3
 Animate Dead             Necr           Unusable   N/A       N/A         4
 Death Channel            Necr           Unusable   N/A       N/A         6
 Simulacrum               Ice/Necr       Unusable   N/A       N/A         6

Dungeon Overview and Level Annotations

Branches:
Dungeon (13/15)            Temple (1/1) D:7            Lair (0/5) D:10
    Orc (0/2) D:10         Bailey (visited)
 Vaults: D:13-14

Altars:
Ashenzari
Cheibriados
Dithmenos
Elyvilon
Fedhas
Gozag
Hepliaklqana
Kikubaaqudgha
Makhleb
Nemelex Xobeh
Okawaru
Qazlal
Ru
Sif Muna
Trog
Uskayaw
Vehumet
Wu Jian
Xom
Yredelemnul
Zin
The Shining One


Message History

Your base Maces & Flails skill increases to level 13!
Throw: 5 javelins
Press: ? - help, Q - select action, (/) - cycle Shift-Dir - straight line, f - orc warlord
Aim: an orc warlord, wielding a +0 war axe and wearing a +0 chain mail (lightly wounded, strong, 75% to hit)
You throw a javelin.
The javelin pierces through the orc warlord.
The orc warlord is lightly wounded.
Throw: 4 javelins
Press: ? - help, Q - select action, (/) - cycle Shift-Dir - straight line, f/p - orc warlord
Aim: an orc warlord, wielding a +0 war axe and wearing a +0 chain mail (lightly wounded, strong, 75% to hit)
You throw a javelin.
The javelin pierces through the orc warlord.
The orc warlord is lightly wounded.
You barely miss the orc warlord.
The orc warlord is lightly wounded.
You closely miss the orc warlord.
The orc warlord is lightly wounded.
You closely miss the orc warlord.
The orc warlord is lightly wounded.
The orc warlord hits you with a +0 war axe!
You puncture the orc warlord! You freeze the orc warlord.
The orc warlord is moderately wounded.
You hit the orc warlord. You freeze the orc warlord.
The orc warlord is moderately wounded.
You barely miss the orc warlord.
The orc warlord is moderately wounded.
The orc warlord closely misses you.
You hit the orc warlord. You freeze the orc warlord.
The orc warlord is heavily wounded.
You hit the orc warlord but do no damage.
The orc warlord is heavily wounded.
The orc warlord hits you with a +0 war axe!!
* * * LOW HITPOINT WARNING * * *
You hit the orc warlord. You freeze the orc warlord.
The orc warlord is heavily wounded.
You hit the orc warlord but do no damage.
The orc warlord is heavily wounded.
You feel better.
The orc warlord hits you with a +0 war axe!!!
You die...

# # . . .#. #(# #.# #.#
#o################
#@##.....<........
#####..####..##....#..
#.....#.# #######...).
#.#...#.##.#.#. .#.....
#.#.#.#.#:..c. .####..
..#.#.#..# .S.#.#..#..
...#.#...# #...#..#..
..#.#.#(.######..##.#..
.#.#.#.#......)####.###


You could see an orc warlord (strong).

Vanquished Creatures
  An orc warlord (D:13)
  A yaktaur captain (D:13)
  4 boulder beetles
  2 hydras (D:13)
  5 centaur warriors
  5 two-headed ogres
  5 death yaks (D:10)
  An orc high priest (Bailey)
  A fire crab (D:13)
  A sea snake (shapeshifter) (D:13)
  Pikel (D:5)
  A wolf spider (D:13)
  A cyclops (D:12)
  5 ugly things
  2 manticores
  2 gargoyles (D:7)
  2 unseen horrors
  A freezing wraith (D:13)
  2 kobold demonologists
  The ghost of
  112233 the Magician, a novice OpAE (D:6)
  2 tengu conjurers (D:13)
  3 trolls
  A hornet (shapeshifter) (D:13)
  Grinder (D:4)
  4 slime creatures (D:13)
  Sigmund (D:4)
  24 yaks
  A shadow (D:11)
  5 wraiths
  A spriggan (shapeshifter) (D:13)
  A wyvern (D:9)
  2 basilisks
  2 steam dragons
  6 vampire mosquitoes (D:12)
  5 acid dragons
  2 water moccasins
  5 sky beasts
  12 orc warriors
  2 black bears
  2 ogres
  6 centaurs
  3 phantoms
  2 kobold brigands
  Blork the orc (D:4)
  2 necrophages
  3 gnoll sergeants (D:7)
  4 bullfrogs
  3 scorpions
  3 wights (D:8)
  2 electric eels
  2 howler monkeys (D:6)
  2 hounds
  A gnoll bouda (D:7)
  2 jellies (D:5)
  5 orc priests
  Ijyb (D:3)
  3 iguanas
  10 orc wizards
  Robin (D:3)
  19 gnolls
  12 adders
  A shadow imp (D:5)
  A white imp (D:6)
  An ufetubus (D:6)
  2 worms (D:4)
  4 dart slugs
  40 orcs
  8 ball pythons
  11 endoplasms
  A giant cockroach (D:2)
  21 goblins
  19 hobgoblins
  15 kobolds
  5 quokkas
  4 bats
  5 frilled lizards
  6 rats
357 creatures vanquished.

Vanquished Creatures (collateral kills)
  An orc (D:3)
  A goblin (D:3)
2 creatures vanquished.

Vanquished Creatures (others)
  An orc warrior (Bailey)
  An orc (D:8)
  2 goblins (D:3)
  A ball python (D:3)
  A rat (D:3)
6 creatures vanquished.

Grand Total: 365 creatures vanquished

Notes
Turn   | Place    | Note
-------+----------+-------------------------------------------
     0 | D:1      | Anriel the Human Fighter began the quest for the Orb.
     0 | D:1      | Reached XP level 1. HP: 18/18 MP: 1/1
    76 | D:1      | Reached XP level 2. HP: 22/24 MP: 2/2
   441 | D:1      | Reached XP level 3. HP: 26/29 MP: 3/3
   509 | D:1      | Found a faded altar of an unknown god.
  1025 | D:2      | Identified the +7 dagger of the Distant Future {vorpal, Fly
                  | Str+6 Stlth+}
  1139 | D:2      | Reached XP level 4. HP: 36/36 MP: 4/4
  1211 | D:2      | Reached skill level 3 in Maces & Flails
  1424 | D:3      | HP: 1/37 [orc/+0 short sword (5)]
  1647 | D:3      | Reached XP level 5. HP: 42/42 MP: 5/5
  1813 | D:3      | Noticed Robin
  1855 | D:3      | Killed Robin
  2129 | D:3      | Noticed Ijyb
  2154 | D:3      | Killed Ijyb
  2155 | D:3      | Reached XP level 6. HP: 29/49 MP: 6/6
  2608 | D:4      | Noticed Sigmund
  2609 | D:4      | Noticed Blork the orc
  2610 | D:4      | Noticed Grinder
  2624 | D:4      | Killed Blork the orc
  2625 | D:4      | Reached skill level 4 in Maces & Flails
  2638 | D:4      | Killed Grinder
  2639 | D:4      | Reached skill level 5 in Fighting
  2639 | D:4      | Reached skill level 5 in Armour
  2639 | D:4      | Reached XP level 7. HP: 8/56 MP: 7/7
  2642 | D:4      | HP: 2/56 [something/puff of flame (3)]
  2655 | D:4      | Killed Sigmund
  2656 | D:4      | Reached skill level 5 in Maces & Flails
  3074 | D:4      | Reached skill level 1 in Dodging
  3074 | D:4      | Reached XP level 8. HP: 57/63 MP: 8/8
  3264 | D:5      | Entered Level 5 of the Dungeon
  3449 | D:5      | Found a sacrificial altar of Ru.
  3450 | D:5      | Found a stormy altar of Qazlal.
  3638 | D:5      | Noticed Pikel
  3653 | D:5      | Killed Pikel
  3654 | D:5      | Reached skill level 5 in Shields
  3776 | D:5      | Reached skill level 1 in Throwing
  3776 | D:5      | Reached XP level 9. HP: 37/68 MP: 9/9
  3962 | D:5      | Reached skill level 5 in Dodging
  4956 | D:6      | Found a large runed translucent door.
  4956 | D:6      | Found a large runed translucent door.
  4960 | D:6      | Noticed 112233's ghost (novice OpAE)
  4981 | D:6      | Killed 112233's ghost
  4982 | D:6      | Reached skill level 1 in Evocations
  5074 | D:6      | Identified a scroll of acquirement
  5074 | D:6      | Acquired the ring of Pride {Drain rElec rPois rF+ rN++}
  5101 | D:7      | Found a staircase to the Ecumenical Temple.
  5115 | Temple   | Entered the Ecumenical Temple
  5304 | Temple   | Became a worshipper of Warmaster Okawaru
  5404 | D:7      | Reached skill level 6 in Maces & Flails
  5433 | D:7      | Reached XP level 10. HP: 69/74 MP: 10/10
  5467 | D:7      | Reached skill level 5 in Throwing
  5479 | D:7      | Reached skill level 1 in Invocations
  5525 | D:7      | Noticed a two-headed ogre
  5525 | D:7      | Noticed a gargoyle
  5526 | D:7      | Noticed a gargoyle
  5527 | D:7      | Noticed a green ugly thing
  5640 | D:7      | Found a runed translucent door.
  5640 | D:7      | Found a runed translucent door.
  5656 | D:7      | Reached * piety under Okawaru
  5690 | D:7      | Killed a two-headed ogre
  5690 | D:7      | Reached ** piety under Okawaru
  5691 | D:7      | Reached skill level 7 in Maces & Flails
  5768 | D:7      | Killed a gargoyle
  6005 | D:7      | Killed a green ugly thing
  6092 | D:7      | Identified the +9 bardiche of Guile {freeze, Int+4}
  6094 | D:7      | Reached *** piety under Okawaru
  6176 | D:7      | Identified the +0 leather armour of Onaubazo {-Cast Will+
                  | Dex+3}
  6179 | D:7      | Got Wuerchut's Incunabulum of the Sky and the Pyre
  6356 | D:7      | Killed a gargoyle
  6357 | D:7      | Reached skill level 8 in Maces & Flails
  6357 | D:7      | Reached skill level 5 in Invocations
  6828 | D:7      | Reached XP level 11. HP: 80/80 MP: 14/14
  7426 | D:8      | Noticed a purple ugly thing
  7441 | D:8      | Killed a purple ugly thing
  7441 | D:8      | Received a gift from Okawaru
  7441 | D:8      | Reached **** piety under Okawaru
  8203 | D:9      | Reached skill level 9 in Maces & Flails
  8319 | D:9      | Found a flagged portal.
  8362 | Bailey   | Entered a bailey
  8504 | Bailey   | Reached ***** piety under Okawaru
  8550 | Bailey   | Received a gift from Okawaru
  9010 | Bailey   | Acquired the amulet of Egomania {Spirit Dex+2}
  9017 | Bailey   | Acquired 554 gold pieces
  9019 | Bailey   | Acquired a +0 pair of gloves of dexterity
  9031 | Bailey   | Identified the +13 chain mail of Ulaer {rC+}
  9091 | Bailey   | Found an iron altar of Okawaru.
  9093 | Bailey   | Noticed an orc high priest
  9118 | Bailey   | Killed an orc high priest
  9119 | Bailey   | Reached skill level 5 in Evocations
  9169 | Bailey   | Got the Atlas of Ghoulish Shifting
  9508 | D:9      | Reached XP level 12. HP: 86/86 MP: 14/16
  9563 | D:9      | Noticed a two-headed ogre
  9572 | D:9      | Killed a two-headed ogre
  9572 | D:9      | Received a gift from Okawaru
  9573 | D:9      | Reached skill level 10 in Maces & Flails
  9725 | D:9      | Noticed a two-headed ogre
  9740 | D:9      | Killed a two-headed ogre
  9805 | D:9      | Got the Papyrus of Hexes and the Wind
  9867 | D:10     | Entered Level 10 of the Dungeon
  9926 | D:10     | Found a staircase to the Orcish Mines.
  9936 | D:10     | Noticed a death yak
  9937 | D:10     | Found a staircase to the Lair.
  9937 | D:10     | Noticed a death yak
  9937 | D:10     | Noticed a death yak
  9937 | D:10     | Noticed a death yak
  9938 | D:10     | Noticed a death yak
  9951 | D:10     | Killed a death yak
  9968 | D:10     | Killed a death yak
  9994 | D:10     | Killed a death yak
  9994 | D:10     | Received a gift from Okawaru
 10007 | D:10     | Killed a death yak
 10030 | D:10     | HP: 4/86 [death yak (16)]
 10031 | D:10     | Killed a death yak
 10032 | D:10     | Reached skill level 10 in Armour
 10966 | D:11     | Noticed a centaur warrior
 10968 | D:11     | Noticed a two-headed ogre
 10979 | D:11     | Killed a two-headed ogre
 10980 | D:11     | Reached skill level 11 in Maces & Flails
 10985 | D:11     | Killed a centaur warrior
 11052 | D:11     | Identified the +0 pair of gloves "Qaeful" {Regen+ Str+2}
                  | (Okawaru gifted it to you on level 11 of the Dungeon)
 11052 | D:11     | Received a gift from Okawaru
 11119 | D:11     | Reached XP level 13. HP: 61/92 MP: 14/19
 11493 | D:12     | Noticed a boulder beetle
 11502 | D:12     | Killed a boulder beetle
 12252 | D:12     | Reached skill level 12 in Maces & Flails
 12331 | D:12     | Noticed a boulder beetle
 12350 | D:12     | Killed a boulder beetle
 12419 | D:13     | Noticed a centaur warrior
 12427 | D:13     | Killed a centaur warrior
 12469 | D:13     | Noticed a centaur warrior
 12475 | D:13     | Killed a centaur warrior
 12512 | D:13     | Reached ****** piety under Okawaru
 12514 | D:13     | Found a glowing silver altar of Zin.
 12526 | D:13     | Found a burning altar of Makhleb.
 12526 | D:13     | Found a shadowy altar of Dithmenos.
 12531 | D:13     | Found a shimmering altar of Xom.
 12531 | D:13     | Found a burning altar of Makhleb.
 12531 | D:13     | Found a shimmering altar of Xom.
 13186 | D:13     | Identified the +6 mace "Joos" {freeze, Will+ MP+9 Dex+2
                  | Stlth+}
 13430 | D:13     | Noticed a centaur warrior
 13443 | D:13     | Killed a centaur warrior
 13443 | D:13     | Received a gift from Okawaru
 13498 | D:13     | Noticed a yaktaur captain
 13498 | D:13     | Noticed a boulder beetle
 13569 | D:13     | Killed a yaktaur captain
 13578 | D:13     | Noticed a boulder beetle
 13589 | D:13     | Killed a boulder beetle
 13608 | D:13     | Killed a boulder beetle
 13609 | D:13     | Reached XP level 14. HP: 39/98 MP: 3/20
 13690 | D:13     | Identified the +11 great mace of Wisdom {freeze, *Corrode
                  | Int+8} (Okawaru gifted it to you on level 13 of the
                  | Dungeon)
 13690 | D:13     | Received a gift from Okawaru
 13733 | D:13     | Noticed an orc warlord
 13738 | D:13     | Noticed an orc warlord
 13759 | D:13     | Killed an orc warlord
 13760 | D:13     | Reached skill level 13 in Maces & Flails
 13772 | D:13     | Mangled by an orc warlord

Illustrated notes

Levels and vault maps discovered:
D:1:      mainiacjoe_arrival_reflecting_pool, layout_loops_ring,
          ebering_ecumenical_altar_mist
D:2:      layout_rooms
D:3:      minmay_bubble_buster, layout_basic, corexii_item_surrounded_by_moat,
          uniq_ijyb, uniq_robin
D:4:      layout_loops_cross, uniq_sigmund, uniq_blork_the_orc, uniq_grinder
D:5:      layout_rooms, nicolae_overflow_squiral, serial_co_window_serial,
          co_window_paths_a, co_window_corner_a, co_window_of_opportunity_a,
          co_window_paths_a, co_window_paths_a, co_window_paths_a,
          co_window_of_opportunity_a, co_window_corner_cb,
          co_window_unsneaky_path_a, co_window_corner_b, co_window_cross_4,
          co_window_cross_2, co_window_2corner, co_window_paths_c,
          glass_columns_c, glass_columns_a, glass_columns_a, glass_columns_c,
          uniq_pikel
D:6:      layout_cave_pods, ebering_ghost_disaster_area,
          kennysheep_generic_room_8
D:7:      minmay_the_grid_triangle_9x9_recursive_2
          [minmay_the_grid_triangle_9x9_prize_center,
          minmay_the_grid_triangle_9x9_pentomino_pain,
          minmay_the_grid_triangle_9x9_impossible_snake,
          minmay_the_grid_triangle_9x9_tough_junction], layout_loops_ring,
          minmay_temple_entry_trees, chequers_serial_rivers_small_a
D:8:      layout_basic, serial_aquarium, aquarium_bridge_square
          [aquarium_subvault_wall, aquarium_subvault_wall,
          aquarium_subvault_wall, aquarium_subvault_bridge], aquarium_window_3,
          aquarium_window_fake, aquarium_view_2e, aquarium_view_2f,
          interstate_on_off, minmay_misc_feat_room
D:9:      layout_roguey, enter_bailey_4
D:10:     layout_roguey, dpeg_lair_monsters, orc_0_dummy
D:11:     layout_big_octagon
D:12:     layout_gridville, kennysheep_cross_bottleneck, minmay_misc_feat_cross,
          st_stairs_9
D:13:     minmay_tearing_corner, layout_stronghold, doesnt_xom_only_xom
Temple:   nicolae_temple_bog_church

Skill      XL: |  1  2  3  4  5  6  7  8  9 10 11 12 13 14 |
---------------+-------------------------------------------+-----
Maces & Flails | 3 4 5 6 8 9 11 12 13 | 13.0
Fighting       | 4 5 |  5.5
Armour         | 4 5 6 7 8 10 11 | 11.0
Dodging        | 1 4 5 |  5.3
Shields        | 5 6 7 8 9 |  9.2
Throwing       | 1 4 5 8 |  8.7
Evocations     | 1 5 |  5.2
Invocations    | 5 8 |  8.0

Action                   |  1- 3 |  4- 6 |  7- 9 | 10-12 | 13-15 || total
-------------------------+-------+-------+-------+-------+-------++-------
Melee: Flail             |    95 |   181 |   238 |   254 |       ||   768
       Morningstar       |       |       |       |   436 |   265 ||   701
       Mace              |       |       |       |       |   102 ||   102
Throw: Javelin           |     3 |    20 |    45 |    52 |    24 ||   144
       Dart              |       |     5 |       |     2 |       ||     7
       Boomerang         |       |     2 |    10 |    19 |     6 ||    37
Invok: Heroism           |       |       |       |     3 |     1 ||     4
       Finesse           |       |       |       |       |     1 ||     1
Evoke: Wand              |       |       |     2 |     3 |     5 ||    10
  Use: Scroll            |     5 |     6 |    11 |    15 |     2 ||    39
       Potion            |       |     8 |     4 |    15 |     1 ||    28
Armor: Scale mail        |    51 |    28 |       |       |       ||    79
       Chain mail        |       |    60 |    20 |   118 |   201 ||   399
       Skin              |       |    15 |     1 |       |       ||    16
       Plate armour      |       |       |   113 |   222 |       ||   335
Dodge: Dodged            |    50 |    71 |    69 |   217 |   147 ||   554
       Repelled          |       |       |       |     3 |       ||     3
Block: Buckler           |    26 |    59 |    64 |   188 |   124 ||   461
